 Dungeon Crawl Stone Soup version 0.30-a0-439-g9e77e4d916 (webtiles) character file.

Game seed: 12889911103499660742

17 Anon1729 the Cudgeller (level 3, -3/31 HPs)
             Began as a Meteoran Monk on Dec 10, 2022.
             Slain by a gnoll
             ... wielding a +0 halberd
              (8 damage)
             ... on level 2 of the Dungeon.
             The game lasted 00:01:36 (229 turns).

Anon1729 the Cudgeller (Meteoran Monk)               Turns: 229, Time: 00:01:37

Health: -3/31      AC:  6    Str: 14    XL:     3   Next: 2%
Magic:  4/4        EV: 10    Int: 12    God:
Gold:   29         SH:  0    Dex: 16    Spells: 2/2 levels left

rFire   . . .      SeeInvis .    a - +0 mace
rCold   . . .      Faith    .    (no shield)
rNeg    . . .      Spirit   .    f - +0 scale mail
rPois   .          Reflect  .    (no helmet)
rElec   .          Harm     .    (no cloak)
rCorr   .          Rampage  .    (no gloves)
Will    .....                    (no boots)
Stlth   +.........               (no amulet)
HPRegen 0.25/turn                (no ring)
MPRegen 0.09/turn                (no ring)

@: glowing
A: sense surroundings 1, otherworldly, glowing, explore regen
a: no special abilities


You were on level 2 of the Dungeon.
You visited 1 branch of the dungeon, and saw 3 of its levels.

You collected 29 gold pieces.

Inventory:

Hand Weapons
 a - a +0 mace (weapon)
Armour
 b - a +0 robe
 e - a +0 leather armour
 f - a +0 scale mail (worn)
Potions
 c - a potion of ambrosia
 d - a potion of lignification {unknown}


   Skills:
 + Level 3.5 Fighting
 + Level 4.2 Maces & Flails
 + Level 3.9 Dodging
 + Level 1.6 Stealth
 + Level 1.1 Invocations


You had 2 spell levels left.
You didn't know any spells.
Your spell library was empty.

Dungeon Overview and Level Annotations

Branches:
Dungeon (3/15) Zot: 1562

Altars:


Innate Abilities, Weirdness & Mutations

You passively map a small area around you.
You are easily found by Zot.
You glow in the dark.
You regain HP and MP as you explore.


Message History

You continue putting on your +0 scale mail. x5
You finish putting on your +0 scale mail. 3 gnolls come into view.
Found an escape hatch in the floor.
The gnoll shouts! x3; You hear a shout! x2
Found a club.
A gnoll comes into view. It is wielding a +0 spear.
The gnoll closely misses you.
You hit the gnoll but do no damage. The gnoll hits you but does no damage.
The gnoll hits you from afar with a +0 spear.
The gnoll hits you with a +0 halberd.
You barely miss the gnoll. The gnoll misses you. The gnoll closely misses you.
You hit the gnoll.
The gnoll is moderately wounded.
The gnoll hits you but does no damage. The gnoll hits you with a +0 halberd!
You are too injured to fight recklessly!
You are too injured to fight recklessly!
The gnoll hits you but does no damage.
A giant cockroach comes into view.
Found a scroll labelled PUNUNOODDE.
The giant cockroach bites you but does no damage. x2
The giant cockroach attacks as you move away!
The giant cockroach completely misses you.
The giant cockroach barely misses you.
There is an escape hatch in the floor here.
A goblin comes into view. It is wielding a +0 falchion.
The goblin shouts!
The giant cockroach barely misses you.
You closely miss the goblin. The goblin closely misses you.
The gnoll hits you from afar with a +0 halberd!
* * * LOW HITPOINT WARNING * * *
The giant cockroach bites you but does no damage.
You hit the goblin. You punch the goblin, but do no damage.
The goblin is severely wounded.
The giant cockroach bites you.
* * * LOW HITPOINT WARNING * * *
The goblin hits you with a +0 falchion.
* * * LOW HITPOINT WARNING * * *
The gnoll hits you from afar with a +0 halberd!
You die...

............# #..#...#
......).....# #.......
............# .###.>.
............# ###)
....?.......#####. #.
........g.........#####.
........g...#######.....
##...#B#...#...........
... #@#....g#####g####
*. *#g#.#.g...# #.#
..#.#####.# #g# * ####.#
#.# #.# ,, ,..# #.###g#
***### #.g..g# #######


You could see 2 gnolls, a giant cockroach and a goblin.

Vanquished Creatures
  An adder (D:2)
  An orc (D:2)
  A giant cockroach (D:1)
  A hobgoblin (D:2)
  A ball python (D:1)
  A kobold (D:2)
  2 rats (D:1)
8 creatures vanquished.

Notes
Turn   | Place    | Note
-------+----------+-------------------------------------------
     0 | D:1      | Anon1729 the Meteoran Monk began the quest for the Orb.
     0 | D:1      | Reached XP level 1. HP: 19/19 MP: 2/2
   141 | D:2      | Reached skill level 1 in Invocations
   141 | D:2      | Reached XP level 2. HP: 17/26 MP: 3/3
   172 | D:2      | Reached XP level 3. HP: 13/31 MP: 4/4
   229 | D:2      | Slain by a gnoll

Illustrated notes

Levels and vault maps discovered:
D:1:      ldierk_walled_garden, layout_basic
D:2:      layout_basic
D:3:      layout_basic, minmay_misc_feat_ornament

Skill      XL: |  1 |
---------------+----+-----
Invocations    | 1 |  1.1
Fighting       | |  3.5
Maces & Flails | |  4.2
Dodging        | |  3.9
Stealth        | |  1.6

Action                   || total
-------------------------++-------
Melee: Mace              ||    35
       Punch             ||     1
Armor: Leather armour    ||     2
       Scale mail        ||     6
Dodge: Dodged            ||    27

Table legend: (Time is in decaauts)
 A = Elapsed time spent in this place.
 B = Non-inter-level travel time spent in this place.
 C = Inter-level travel time spent in this place.
 D = Time resting spent in this place.
 E = Time spent auto-exploring this place.
 F = Levels seen in this place.
 G = Mean time per level.
                   A        B        C        D        E       F      G
               +--------+--------+--------+--------+--------+-----+--------+
         Total |    236 |    236 |      0 |      0 |      0 |   3 |   78.7 |
       Dungeon |    236 |    236 |      0 |      0 |      0 |   3 |   78.7 |
               +--------+--------+--------+--------+--------+-----+--------+

Top non-repeatable levels by time:
     D:2: 116 daAuts
     D:1: 116 daAuts
     D:3: 4 daAuts
